 Dungeon Crawl Stone Soup version 0.30.0-29-ga12c61a403 (webtiles) character file.

Game seed: 10430298827250349484

10499 DoomSlayer the Cleaver (level 11, -8/156 HPs)
             Began as a Hill Orc Fighter on June 14, 2023.
             Was a High Priest of Jiyva.
             Mangled by a cane toad (28 damage)
             ... on level 2 of the Lair of Beasts.
             The game lasted 00:19:56 (7917 turns).

DoomSlayer the Cleaver (Hill Orc Fighter)           Turns: 7917, Time: 00:19:56

Health: -8/156     AC: 13    Str: 24    XL:     11   Next: 63%
Magic:  6/11       EV:  9    Int: 20    God:    Jiyva [*****.]
Gold:   344        SH: 10    Dex: 12    Spells: 10/10 levels left

rFire   . . .        a - +2 war axe
rCold   + . .        c - +0 buckler
rNeg    . . .        f - +2 chain mail {rC+}
rPois   +            (helmet restricted)
rElec   .            (no cloak)
rCorr   +            (no gloves)
SInv    +            (no boots)
Will    .....        s - amulet of reflection Stlth
                     p - ring of poison resistance
HPRegen 1.90/turn    r - +6 ring of strength
MPRegen 0.57/turn

%: reflection
@: berserking, lethally poisoned (-8 -> -15), calling ooze, very quick
A: antennae 1, thin skeletal structure 2, see invisible, clever 2, robust 1,
wild magic 2, jelly sensing items, noise suppression
a: Renounce Religion, Oozemancy, Slimify


You were on level 2 of the Lair of Beasts.
You worshipped Jiyva.
Jiyva was extremely pleased with you.
You visited 2 branches of the dungeon, and saw 12 of its levels.

You collected 344 gold pieces.

Inventory:

Hand Weapons
 a - a +2 war axe (weapon)
Armour
 c - a +0 buckler (worn)
 f - a +2 chain mail of cold resistance (worn)
Jewellery
 p - a ring of poison resistance (left hand)
 r - a +6 ring of strength (right hand)
 s - an amulet of reflection (around neck)
 u - a ring of fire
 x - a +4 ring of protection
Wands
 t - a wand of charming (5)
 y - a wand of iceblast (1)
Scrolls
 b - a scroll of teleportation
 g - 2 scrolls of magic mapping
 k - a scroll of noise
 w - a scroll of vulnerability
Potions
 d - 3 potions of mutation
 e - 2 potions of flight
 h - 2 potions of brilliance
 i - a potion of attraction {unknown}
 j - a potion of berserk rage {unknown}
 l - 3 potions of degeneration
 n - a potion of haste {unknown}
 v - a potion of cancellation {unknown}
 z - a potion of heal wounds {unknown}


   Skills:
 + Level 8.5 Fighting
 + Level 14.3 Axes
 + Level 9.8 Armour
 + Level 2.8 Dodging
 + Level 0.6 Stealth
 + Level 7.4 Shields
 * Level 6.4 Evocations


You had 10 spell levels left.
You didn't know any spells.
Your spell library contained the following spells:

 Spells                   Type           Power      Damage    Failure   Level
 Anguish                  Hex/Necr       0%         N/A       100%        4
 Cause Fear               Hex            0%         N/A       100%        4
 Enfeeble                 Hex            0%         N/A       100%        7


Dungeon Overview and Level Annotations

Branches:
Dungeon (9/15)             Temple (0/1) D:5            Lair (3/5) D:9
  Snake (0/4) Lair:2
  Swamp: Lair:2-3    Shoals: Lair:2-3       Orc: D:9-12

Altars:
Ashenzari
Cheibriados
Elyvilon
Gozag
Qazlal
Ru
Sif Muna
Trog
Vehumet
Wu Jian
Yredelemnul
Zin
The Shining One
Jiyva

Shops:
D:1 !   D:3 =

Annotations:
Lair:2 1 transporter, turdburglar's ghost, journeyman GrEE


Innate Abilities, Weirdness & Mutations

You have a pair of small antennae on your head.
You have a moderately thin skeletal structure. (Dex +4, Stealth++)
You have supernaturally acute eyesight. (SInv)
Your mind is very acute. (Int +8, Str/Dex -2)
You are robust. (+10% HP)
Your spells are harder to cast, but more powerful.
You have a small jelly attached to you that senses nearby items.
You passively dampen the noise of your surroundings.


Message History

The death yak quivers uncontrollably and liquefies into an acid blob!
Your hands burn!
* * * LOW HITPOINT WARNING * * *
You slash turdburglar's ghost! You hit the cane toad but do no damage.
You slash the moth of wrath! You closely miss the black mamba.
The ice encasing you melts away.
The walls burn the black mamba!
The black mamba bites you but does no damage.
The walls burn the black mamba!
You kill the black mamba!
The walls burn the cane toad!
The cane toad stings the acid blob!!
The acid corrodes the cane toad!
The cane toad is burned by acid!
The walls burn the polar bear!
The wall burns the cane toad!
You block the cane toad's attack.
The walls burn turdburglar's ghost!
You block turdburglar's ghost's attack.
The walls burn the moth of wrath!
The moth of wrath bites you!
* * * LOW HITPOINT WARNING * * *
The moth of wrath infuriates you!
A red film seems to cover your vision as you go berserk!
You feel yourself moving faster!
You feel mighty!
You swap places.
The walls burn the cane toad!
The cane toad stings you!
* * * LOW HITPOINT WARNING * * *
You are poisoned.
The cane toad poisons you!
The wall burns the cane toad!
The cane toad stings the acid blob.
The acid corrodes the cane toad!
The cane toad is burned by acid!
The walls burn the moth of wrath!
The moth of wrath angrily waves its antennae.
The moth of wrath goads the acid blob on!
The acid blob goes berserk!
The acid blob hits the cane toad!!!
The cane toad dies!
The walls burn the polar bear!
The polar bear bites the acid blob!!
The polar bear is burned by acid!
The polar bear claws the acid blob but does no damage.
The polar bear is burned by acid!
The polar bear claws the acid blob.
The acid corrodes the polar bear!
The polar bear is burned by acid!
You feel a strong urge to attack something.
You feel very sick.
The walls burn the cane toad!
The cane toad stings you!!
You die...

.P.....##..##.#####......##
P.PP....#..#......##.†...#
..P....##.##..#....##....##
P.......#.#.#.?.#...#.)...#
...#....#.#{h#.##..##.....#
..###...P.##(#...#.#©....P#
..# #......#$#h†y..##....##
..##P..#..§#"=WJ#...#....#
..#P....#..#$.#.@.# #.#.##
.......##.##..yF.#.##.###
~~.#...#..#..#.#...#.†P#
≈~..#..##.#..#.#...#.###
≈~.P#..##.##.......#.#
#~.##......###.©.###.#
#~...........#####...#
≈~..<...............##
#~).........#..P.#..#{


You could see a moth of wrath, a polar bear (berserk, corroded), a cane toad
(berserk, corroded), turdburglar's ghost and a neutral acid blob (berserk,
distracted) (fellow slime).

Vanquished Creatures
  11 elephants
  A black mamba (Lair:2)
  3 cane toads
  A rime drake (Lair:2)
  A polar bear (Lair:2)
  2 wyverns
  6 yaks (Lair:1)
  Menkaure (D:7)
  A steam dragon (D:7)
  An acid dragon (D:9)
  3 nagas (Lair:2)
  7 water moccasins
  A black bear (D:7)
  2 ice beasts (D:7)
  2 orc warriors
  3 ogres (D:6)
  2 centaurs
  2 gnoll sergeants (D:9)
  7 bullfrogs
  2 scorpions (D:7)
  8 killer bees
  An electric eel (Lair:2)
  A gnoll bouda (D:8)
  An orc priest (D:4)
  Terence (D:3)
  An iguana (D:6)
  4 orc wizards
  Robin (D:3)
  6 adders
  10 gnolls
  A white imp (D:6)
  2 worms (D:3)
  18 orcs
  An endoplasm (D:2)
  2 giant cockroaches
  8 goblins
  6 hobgoblins
  A quokka (D:5)
  3 ball pythons (D:1)
  2 bats
  2 frilled lizards (D:3)
  9 kobolds
  7 rats
155 creatures vanquished.

Vanquished Creatures (others)
  A cane toad (Lair:2)
  A kobold brigand (D:7)
  A bullfrog (D:7)
  A howler monkey (D:8)
  7 jellies
  An orc priest (D:3)
  An iguana (D:6)
  A sleepcap (D:5)
  A gnoll (D:5)
  An adder (D:6)
  A shadow imp (D:8)
  3 orcs
  An endoplasm (D:3)
  A goblin (D:3)
  A hobgoblin (D:3)
  2 ball pythons
  2 kobolds
27 creatures vanquished.

Grand Total: 182 creatures vanquished

Notes
Turn   | Place    | Note
-------+----------+-------------------------------------------
     0 | D:1      | DoomSlayer the Hill Orc Fighter began the quest for the
                  | Orb.
     0 | D:1      | Reached XP level 1. HP: 19/19 MP: 1/1
    23 | D:1      | Found Fown's Distillery.
   123 | D:1      | Reached XP level 2. HP: 27/27 MP: 2/2
   207 | D:2      | Reached skill level 3 in Axes
   336 | D:2      | Found a faded altar of an unknown god.
   343 | D:2      | Prayed at the altar of an unknown god.
   343 | D:2      | Became a worshipper of Jiyva Jynlij the Shapeless
   343 | D:2      | Reached * piety under Jiyva
   957 | D:1      | Reached ** piety under Jiyva
  1091 | D:3      | Found a stormy altar of Qazlal.
  1115 | D:3      | Reached XP level 3. HP: 33/33 MP: 3/3
  1133 | D:3      | Noticed a bullfrog
  1141 | D:3      | Killed a bullfrog
  1142 | D:3      | Reached skill level 4 in Axes
  1142 | D:3      | Reached XP level 4. HP: 40/40 MP: 4/4
  1208 | D:3      | Found a radiant altar of Vehumet.
  1403 | D:3      | Found Viuris's Jewellery Shop.
  1459 | D:3      | Reached skill level 5 in Axes
  1459 | D:3      | Reached XP level 5. HP: 46/46 MP: 5/5
  1482 | D:3      | Reached *** piety under Jiyva
  1519 | D:3      | Noticed Terence
  1575 | D:3      | Killed Terence
  1808 | D:3      | Noticed Robin
  1824 | D:3      | Killed Robin
  1948 | D:4      | Reached skill level 6 in Axes
  1952 | D:4      | Reached XP level 6. HP: 23/53 MP: 6/6
  2055 | D:4      | Gained mutation: You have a small jelly attached to you
                  | that senses nearby items. [Jiyva's grace]
  2055 | D:4      | Gained mutation: You possess an exceptional clarity of
                  | mind. [Jiyva's grace]
  2055 | D:4      | Gained mutation: You passively dampen the noise of your
                  | surroundings. [Jiyva's grace]
  2055 | D:4      | Gained mutation: You are robust. (+10% HP) [Jiyva's grace]
  2218 | D:4      | Reached **** piety under Jiyva
  2736 | D:5      | Entered Level 5 of the Dungeon
  2745 | D:5      | Noticed a water moccasin
  2748 | D:5      | Noticed a water moccasin
  2749 | D:5      | Slimified a water moccasin
  2749 | D:5      | a water moccasin changed into a slime creature
  2749 | D:5      | Noticed a slime creature
  2762 | D:5      | Killed a water moccasin
  2763 | D:5      | Reached skill level 7 in Axes
  2867 | D:5      | Reached skill level 1 in Dodging
  2896 | D:5      | Found a staircase to the Ecumenical Temple.
  2975 | D:5      | Found an ornate altar of the Wu Jian Council.
  3029 | D:5      | Found a shimmering blue altar of Sif Muna.
  3338 | D:6      | Reached XP level 7. HP: 66/66 MP: 7/7
  3341 | D:6      | Reached skill level 5 in Fighting
  3366 | D:6      | Reached skill level 5 in Armour
  3378 | D:6      | Reached skill level 8 in Axes
  3491 | D:6      | Found a sacrificial altar of Ru.
  3534 | D:6      | Reached ***** piety under Jiyva
  3534 | D:6      | Lost mutation: You possess an exceptional clarity of mind.
                  | [Jiyva's grace]
  3534 | D:6      | Gained mutation: You have a pair of small antennae on your
                  | head. [Jiyva's grace]
  3534 | D:6      | Gained mutation: You have a pair of antennae on your head.
                  | [Jiyva's grace]
  3534 | D:6      | Gained mutation: You have a pair of large antennae on your
                  | head. (SInv) [Jiyva's grace]
  3534 | D:6      | Gained mutation: You have large cloven feet. [Jiyva's
                  | grace]
  4059 | D:7      | Reached XP level 8. HP: 57/75 MP: 8/8
  4110 | D:7      | Reached skill level 9 in Axes
  4121 | D:7      | Noticed Menkaure
  4131 | D:7      | Killed Menkaure
  4745 | D:7      | Found a snail-covered altar of Cheibriados.
  4808 | D:7      | Reached skill level 10 in Axes
  4872 | D:7      | Found a broken altar of Ashenzari.
  4878 | D:7      | Found a white marble altar of Elyvilon.
  4938 | D:7      | Noticed Prince Ribbit
  4943 | D:7      | Slimified Prince Ribbit
  4943 | D:7      | Prince Ribbit changed into Prince Ribbit the slime creature
  4943 | D:7      | Noticed Prince Ribbit
  5279 | D:8      | Reached XP level 9. HP: 46/82 MP: 9/9
  5280 | D:8      | Reached skill level 1 in Evocations
  5290 | D:8      | Found a glowing silver altar of Zin.
  5341 | D:8      | Found a basalt altar of Yredelemnul.
  5354 | D:8      | Found a glowing golden altar of the Shining One.
  5456 | D:8      | Noticed Maggie
  5461 | D:8      | Slimified Maggie
  5461 | D:8      | Maggie changed into Maggie the slime creature
  5461 | D:8      | Noticed Maggie
  5667 | D:8      | Noticed an angel
  5679 | D:8      | Noticed a profane servitor
  5835 | D:9      | Found an opulent altar of Gozag.
  5940 | D:9      | Lost mutation: You have a pair of large antennae on your
                  | head. (SInv) [Jiyva's grace]
  5940 | D:9      | Gained mutation: You have supernaturally acute eyesight.
                  | (SInv) [Jiyva's grace]
  5940 | D:9      | Gained mutation: Your spells are a little harder to cast,
                  | but a little more powerful. [Jiyva's grace]
  5940 | D:9      | Gained mutation: Your spells are harder to cast, but more
                  | powerful. [Jiyva's grace]
  5940 | D:9      | Gained mutation: Your spells are much harder to cast, but
                  | much more powerful. [Jiyva's grace]
  6013 | D:9      | Reached skill level 5 in Shields
  6113 | D:9      | Reached skill level 11 in Axes
  6381 | D:9      | Found a staircase to the Lair.
  6568 | Lair:1   | Entered Level 1 of the Lair of Beasts
  6605 | Lair:1   | Noticed a cane toad
  6618 | Lair:1   | Killed a cane toad
  6619 | Lair:1   | Reached skill level 12 in Axes
  6619 | Lair:1   | Reached XP level 10. HP: 59/94 MP: 10/10
  6874 | Lair:1   | Noticed a cane toad
  6885 | Lair:1   | Killed a cane toad
  6891 | Lair:1   | Noticed a cane toad
  6900 | Lair:1   | Slimified a cane toad
  6900 | Lair:1   | a cane toad changed into a jelly
  6914 | Lair:1   | You fall into a shaft and drop 1 floor!
  6914 | Lair:2   | Noticed an elephant
  6914 | Lair:2   | Noticed an elephant
  6914 | Lair:2   | Noticed an elephant
  6915 | Lair:2   | Noticed an elephant
  6915 | Lair:2   | Noticed an elephant
  6948 | Lair:2   | Killed an elephant
  6949 | Lair:2   | Reached skill level 13 in Axes
  6970 | Lair:3   | Killed an elephant
  7009 | Lair:2   | Found a staircase to the Snake Pit.
  7019 | Lair:2   | Killed an elephant
  7020 | Lair:2   | Reached skill level 5 in Evocations
  7036 | Lair:2   | Killed an elephant
  7054 | Lair:2   | Reached XP level 11. HP: 37/103 MP: 11/11
  7400 | Lair:2   | Lost mutation: You have a pair of antennae on your head.
                  | [Jiyva's grace]
  7400 | Lair:2   | Lost mutation: You have large cloven feet. [Jiyva's grace]
  7400 | Lair:2   | Lost mutation: Your spells are much harder to cast, but
                  | much more powerful. [Jiyva's grace]
  7400 | Lair:2   | Gained mutation: Your mind is acute. (Int +4, Str/Dex -1)
                  | [Jiyva's grace]
  7400 | Lair:2   | Gained mutation: Your mind is very acute. (Int +8, Str/Dex
                  | -2) [Jiyva's grace]
  7400 | Lair:2   | Gained mutation: You have a somewhat thin skeletal
                  | structure. (Dex +2, Stealth+) [Jiyva's grace]
  7400 | Lair:2   | Gained mutation: You have a moderately thin skeletal
                  | structure. (Dex +4, Stealth++) [Jiyva's grace]
  7416 | Lair:2   | Found a bloodstained altar of Trog.
  7439 | Lair:2   | Found a transporter.
  7515 | Lair:2   | Noticed a moth of wrath
  7516 | Lair:2   | Noticed a moth of wrath
  7526 | Lair:2   | Found a transporter.
  7526 | Lair:2   | Noticed a death yak
  7527 | Lair:2   | Noticed turdburglar's ghost (journeyman GrEE)
  7554 | Lair:2   | Reached skill level 14 in Axes
  7654 | Lair:2   | Reached ****** piety under Jiyva
  7915 | Lair:2   | Slimified a death yak
  7915 | Lair:2   | a death yak changed into an acid blob
  7915 | Lair:2   | Noticed an acid blob
  7917 | Lair:2   | Mangled by a cane toad

Illustrated notes

Levels and vault maps discovered:
D:1:      giann_bridges, layout_rooms, serial_shops, shop
D:2:      layout_loops_ring, chequers_ecumenical_altar_simple
D:3:      minmay_spotlight, layout_basic, mainiacjoe_overflow_alcove_1,
          grunt_qazlal_clouds, serial_shops, shop, feat_on_display, uniq_robin,
          uniq_terence
D:4:      layout_cave_pods, minmay_strange_pillars
D:5:      layout_cave_pools, led_sif_book, mainiacjoe_overflow_cross_hatched,
          minmay_temple_entry_waves, minmay_crossroads
D:6:      layout_basic, mainiacjoe_overflow_catwalk, st_stairs_9
D:7:      layout_cave_pods, general_overflow_altar,
          nicolae_overflow_hidden_temple, serial_column_ruins,
          column_ruins_columns_T, column_ruins_open_large,
          column_ruins_open_small, column_ruins_open_tiny,
          column_ruins_open_medium, column_ruins_columns_dead_end,
          serial_bayou_pond_b, uniq_menkaure, uniq_prince_ribbit1
D:8:      layout_loops_ring, grunt_temple_overflow_holy_war, zin_academy,
          moated_statue, hangedman_abyss_or_decor_stagger,
          hangedman_decor_riveting, hangedman_decor_growths, uniq_maggie
D:9:      layout_basic, marbit_many_paths, dpeg_oklobed_lair
Lair:1:   layout_cave_pods, grunt_megastairs_2, infiniplex_staircase_pool_2
Lair:2:   layout_gridlike, guppyfry_snake_entry_island,
          gammafunk_ghost_berserking_beasts, serial_forest,
          infiniplex_forest_clump_large, infiniplex_forest_join,
          infiniplex_forest_clump_long, infiniplex_forest_clump_double,
          infiniplex_forest_lined_3_way, basic_altar, lemuel_fruit_fields
Lair:3:   layout_concentric_octagons, elwin_shoals_entry_rocks, basic_altar

Skill      XL: |  1  2  3  4  5  6  7  8  9 10 11 |
---------------+----------------------------------+-----
Axes           | 3 4 5 6 7 8 10 12 13 14 | 14.3
Fighting       | 4 5 6 7 8 |  8.5
Armour         | 4 5 7 9 |  9.8
Dodging        | 1 2 |  2.8
Shields        | 4 5 6 7 |  7.4
Evocations     | 3 5 6 |  6.4
Stealth        | |  0.6

Action                     |  1- 3 |  4- 6 |  7- 9 | 10-12 || total
---------------------------+-------+-------+-------+-------++-------
  Melee: War axe           |    54 |   145 |   202 |   179 ||   580
         Kick              |       |       |    42 |    69 ||   111
 Invoke: Slimify           |       |     1 |     2 |     2 ||     5
         Oozemancy         |       |       |     1 |     2 ||     3
  Evoke: Wand              |       |       |       |     6 ||     6
    Use: Scroll            |     3 |     4 |     5 |     8 ||    20
         Potion            |       |     1 |       |     2 ||     3
 Armour: Chain mail        |    30 |    94 |    77 |   106 ||   307
  Dodge: Dodged            |    20 |    53 |    77 |    71 ||   221
  Block: Buckler           |    19 |    32 |    86 |   110 ||   247
         Reflection        |       |       |     1 |     1 ||     2
